[Event "FRA-chT Top 12 2019"]
[Site "Brest"]
[Date "2019.05.23"]
[Round "6.5"]
[White "Nezar, Mustapha"]
[Black "Balogh, Csaba"]
[Result "1/2-1/2"]
[ECO "E32"]
[WhiteElo "2339"]
[BlackElo "2598"]
[Annotator "RC"]
[PlyCount "31"]
[EventDate "2019.05.18"]
[EventType "team-tourn"]
[EventCountry "FRA"]
[SourceTitle "playchess.com"]
[Source "ChessBase"]
[SourceQuality "1"]
[TimeControl "40/5400+30:1800+30"]

1. d4 Nf6 2. c4 e6 3. Nc3 Bb4 4. Qc2 b6 5. e4 c5 6. d5 Qe7 7. Nge2 exd5 8. exd5 O-O 9. Bd2 d6 10. h3 Bxc3 11. Qxc3 Ne4 12. Qe3 Re8 13. O-O-O Bf5 14. f3 Nxd2 15. Qxe7 Rxe7 16. Kxd2 1/2-1/2

[Event "FRA-chT Top 12 2019"]
[Site "Brest"]
[Date "2019.05.23"]
[Round "6.5"]
[White "Charmeteau, Sven"]
[Black "Lamard, Guillaume"]
[Result "1-0"]
[ECO "B67"]
[WhiteElo "2292"]
[BlackElo "2405"]
[Annotator "RC"]
[PlyCount "45"]
[EventDate "2019.05.18"]
[EventType "team-tourn"]
[EventCountry "FRA"]
[SourceTitle "playchess.com"]
[Source "ChessBase"]
[SourceQuality "1"]
[TimeControl "40/5400+30:1800+30"]

1. e4 c5 2. Nf3 d6 3. d4 cxd4 4. Nxd4 Nf6 5. Nc3 Nc6 6. Bg5 e6 7. Qd2 a6 8. O-O-O Bd7 9. f4 b5 10. a3 Qb6 11. e5 dxe5 12. Ndxb5 axb5 13. Bxf6 Ra7 14. Ne4 exf4 15. Bxb5 gxf6 16. Nxf6+ Ke7 17. Nxd7 Qxb5 18. Qd6+ Kd8 19. Nxf8+ Kc8 20. Rd3 Rc7 21. Nxe6 Rb7 22. Rb3 Qc4 23. Rc3 1-0

[Event "FRA-chT Top 12 2019"]
[Site "Brest"]
[Date "2019.05.23"]
[Round "6.5"]
[White "Dornbusch, Tatiana"]
[Black "Degraeve, Jean-Marc"]
[Result "0-1"]
[ECO "E62"]
[WhiteElo "2285"]
[BlackElo "2546"]
[Annotator "RC"]
[PlyCount "90"]
[EventDate "2019.05.18"]
[EventType "team-tourn"]
[EventCountry "FRA"]
[SourceTitle "playchess.com"]
[Source "ChessBase"]
[SourceQuality "1"]
[TimeControl "40/5400+30:1800+30"]

1. d4 Nf6 2. Nf3 g6 3. g3 Bg7 4. Bg2 O-O 5. O-O d6 6. c4 Nc6 7. Nc3 e5 8. dxe5 dxe5 9. Qxd8 Rxd8 10. Bg5 Be6 11. b3 h6 12. Bxf6 Bxf6 13. Rad1 Bg7 14. Nd2 Bf8 15. Bd5 Bd7 16. Nf3 Bh3 17. Rfe1 Bb4 18. Rc1 Re8 19. Red1 Kg7 20. Nb5 Rec8 21. c5 a6 22. a3 axb5 23. axb4 Ra2 24. Bxc6 bxc6 25. Nxe5 Re8 26. Nd3 Be6 27. Ra1 Rxe2 28. Nf4 Re4 29. Nxe6+ R8xe6 30. Rd7 Rxb4 31. Rxc7 Rxb3 32. Ra6 Re2 33. Rcxc6 Rf3 34. Rab6 Rfxf2 35. Rxb5 Rg2+ 36. Kf1 Ref2+ 37. Ke1 Rc2 38. Kf1 Rxh2 39. Kg1 Rhg2+ 40. Kf1 Rxg3 41. Rc7 Ra3 42. Re7 Rf3+ 43. Ke1 Rf5 44. Rc7 Rh5 45. Kd1 Ra2 0-1

[Event "FRA-chT Top 12 2019"]
[Site "Brest"]
[Date "2019.05.23"]
[Round "6.7"]
[White "Sokolov, Andrei"]
[Black "Riff, Vincent"]
[Result "1-0"]
[ECO "B24"]
[WhiteElo "2496"]
[BlackElo "2399"]
[Annotator "RC"]
[PlyCount "87"]
[EventDate "2019.05.18"]
[EventType "team-tourn"]
[EventCountry "FRA"]
[SourceTitle "playchess.com"]
[Source "ChessBase"]
[SourceQuality "1"]
[TimeControl "40/5400+30:1800+30"]

1. e4 c5 2. Nc3 Nc6 3. Nf3 Nf6 4. Bb5 Qc7 5. O-O Nd4 6. Re1 a6 7. Bf1 Ng4 8. g3 Nxf3+ 9. Qxf3 Ne5 10. Qe3 e6 11. b3 Be7 12. Bb2 O-O 13. f4 Nc6 14. Nd5 exd5 15. exd5 Qd6 16. dxc6 Bf6 17. Bxf6 Qxf6 18. Qxc5 dxc6 19. Re5 Be6 20. Rae1 Rad8 21. d3 Rd5 22. Qb6 Rb5 23. Qe3 Qd8 24. Bg2 Qa5 25. a4 Rxe5 26. Qxe5 Qd2 27. Re2 Qd1+ 28. Kf2 Bg4 29. Bf3 Bh3 30. g4 Qf1+ 31. Kg3 Bxg4 32. Bxg4 Qg1+ 33. Rg2 Qc1 34. h3 g6 35. Kh2 f6 36. Qe6+ Kg7 37. Rf2 f5 38. Qe7+ Rf7 39. Qe5+ Kh6 40. Bf3 Qa3 41. Re2 Qb4 42. Kg3 Qa3 43. Kg2 Qb4 44. h4 1-0

[Event "FRA-chT Top 12 2019"]
[Site "Brest"]
[Date "2019.05.23"]
[Round "6.7"]
[White "Jeanne, Mickael"]
[Black "Genzling, Alain"]
[Result "0-1"]
[ECO "A37"]
[WhiteElo "2150"]
[BlackElo "2376"]
[Annotator "NA RC"]
[PlyCount "68"]
[EventDate "2019.05.18"]
[EventType "team-tourn"]
[EventCountry "FRA"]
[SourceTitle "playchess.com"]
[Source "ChessBase"]
[SourceQuality "1"]
[TimeControl "40/5400+30:1800+30"]

1. Nf3 c5 2. c4 g6 3. Nc3 Bg7 4. g3 Nc6 5. Bg2 e5 6. O-O Nge7 7. a3 a5 8. Ne1 O-O 9. Nc2 Rb8 10. Ne3 Nd4 $11 11. Ned5 Nxd5 12. Bxd5 d6 13. Rb1 b5 14. e3 b4 15. axb4 axb4 16. exd4 bxc3 17. dxc5 Bf5 18. d3 cxb2 19. Rxb2 dxc5 20. Rxb8 Qxb8 21. Be3 Qb4 22. Qe2 Qa3 23. Rd1 h5 24. Kg2 Rb8 25. Be4 Bg4 26. f3 Be6 27. g4 Rb2 28. Rd2 Rxd2 29. Bxd2 hxg4 30. fxg4 Qa2 31. Bf3 e4 32. dxe4 Bxc4 33. Qf2 Bd4 34. Be3 Bxe3 0-1

[Event "FRA-chT Top 12 2019"]
[Site "Brest"]
[Date "2019.05.23"]
[Round "6.7"]
[White "Nelis, Jean-Francois"]
[Black "Cornette, Matthieu"]
[Result "1/2-1/2"]
[ECO "B30"]
[WhiteElo "2149"]
[BlackElo "2553"]
[Annotator "RC"]
[PlyCount "150"]
[EventDate "2019.05.18"]
[EventType "team-tourn"]
[EventCountry "FRA"]
[SourceTitle "playchess.com"]
[Source "ChessBase"]
[SourceQuality "1"]
[TimeControl "40/5400+30:1800+30"]

1. e4 c5 2. Nf3 Nc6 3. Bb5 e6 4. Bxc6 bxc6 5. b3 d5 6. d3 Ne7 7. Qe2 Ng6 8. h4 h5 9. Bb2 f6 10. g3 e5 11. Nbd2 Bg4 12. Nf1 Qa5+ 13. Qd2 Qb6 14. N3h2 Be6 15. c4 Rd8 16. Qc2 Bd6 17. Ne3 d4 18. Nef1 f5 19. exf5 Bxf5 20. Nd2 Qa5 21. O-O Be7 22. Rfe1 Qc7 23. Ne4 Qd7 24. Qe2 Qe6 25. Bc1 Bxe4 26. Qxe4 O-O 27. Bd2 Rf5 28. Re2 Rdf8 29. Rf1 Nh8 30. Rfe1 Qg6 31. Rb1 Nf7 32. Be1 Qe6 33. Bd2 Qd7 34. Qg2 Nd6 35. Rbe1 Bf6 36. Bc1 g6 37. Ba3 Nb7 38. Nf3 Qc7 39. Bc1 Nd6 40. Nd2 Bg7 41. Ne4 Nxe4 42. Qxe4 Kh7 43. Bg5 Rf3 44. Kg2 Qd7 45. Rd2 R3f5 46. Kg1 Qf7 47. Ree2 Qc7 48. Kg2 a5 49. Rb2 Bh6 50. Bxh6 Kxh6 51. Re1 g5 52. hxg5+ Rxg5 53. Rh1 Rf4 54. Qe2 Qf7 55. Rh3 Kg6 56. Rb1 Qf5 57. f3 Kg7 58. Rbh1 Qg6 59. Kh2 Rf6 60. Rf1 Rgf5 61. Kg2 Qg5 62. Rh4 Rg6 63. Rh3 Qf6 64. Qd2 Qd8 65. Rfh1 Rfg5 66. Kf2 Qf6 67. Qe2 h4 68. Rxh4 Rxg3 69. Rh7+ Kf8 70. Rh8+ Ke7 71. Qe4 Qg5 72. R1h7+ Kd6 73. Qxg6+ Qxg6 74. Rh6 Rg2+ 75. Kf1 Rg1+ 1/2-1/2

[Event "FRA-chT Top 12 2019"]
[Site "Brest"]
[Date "2019.05.23"]
[Round "6.8"]
[White "Skripchenko, Almira"]
[Black "Van Hoolandt, Patrick"]
[Result "1-0"]
[ECO "A06"]
[WhiteElo "2406"]
[BlackElo "2127"]
[Annotator "RC"]
[PlyCount "93"]
[EventDate "2019.05.18"]
[EventType "team-tourn"]
[EventCountry "FRA"]
[SourceTitle "playchess.com"]
[Source "ChessBase"]
[SourceQuality "1"]
[TimeControl "40/5400+30:1800+30"]

1. Nf3 d5 2. g3 Bg4 3. Bg2 c6 4. O-O Nd7 5. h3 Bh5 6. d4 Ngf6 7. Bf4 e6 8. Nbd2 Be7 9. g4 Bg6 10. Nh4 Ne4 11. Nxg6 hxg6 12. Nxe4 dxe4 13. c4 g5 14. Bg3 f5 15. e3 Nf6 16. Qb3 Qb6 17. Qc2 g6 18. b4 O-O 19. Rab1 Qd8 20. c5 a6 21. a4 Nd5 22. b5 axb5 23. axb5 Qa5 24. bxc6 bxc6 25. Be5 Bf6 26. Bd6 Rf7 27. Rb3 Kg7 28. Rfb1 Qa4 29. Bf1 Qa2 30. R1b2 Qa1 31. Rb1 Qa4 32. Bg2 Nb4 33. Qc4 Nd5 34. Qc1 Qa2 35. Rb8 Raa7 36. Bf1 fxg4 37. Bc4 Qa4 38. hxg4 Qa3 39. Qxa3 Rxa3 40. Rc8 Rc3 41. Bxd5 exd5 42. Rxc6 Rc2 43. Bg3 Bd8 44. Ra1 Rb7 45. Rd6 Bc7 46. Rd7+ Kf6 47. Rxc7 1-0

[Event "FRA-chT Top 12 2019"]
[Site "Brest"]
[Date "2019.05.23"]
[Round "6.8"]
[White "Verot, Melanie"]
[Black "Fruteau, Sabine"]
[Result "0-1"]
[ECO "D04"]
[WhiteElo "2069"]
[BlackElo "2015"]
[Annotator "NA RC"]
[PlyCount "66"]
[EventDate "2019.05.18"]
[EventType "team-tourn"]
[EventCountry "FRA"]
[SourceTitle "playchess.com"]
[Source "ChessBase"]
[SourceQuality "1"]
[TimeControl "40/5400+30:1800+30"]

1. d4 Nf6 2. Nf3 d5 3. e3 g6 4. Bd3 Bg7 5. Nbd2 O-O 6. O-O c5 7. b3 Nc6 8. a3 b6 9. Bb2 Bb7 10. Rc1 Rc8 11. Qe2 e6 12. c4 Qe7 13. h3 Rfd8 14. Rfd1 Ne8 15. cxd5 exd5 16. Nf1 cxd4 17. exd4 Qxe2 18. Bxe2 Nd6 19. Ne3 Ne4 20. b4 h5 21. Bd3 Ne7 22. Ne5 Bh6 23. Rxc8 Rxc8 24. Bxe4 dxe4 25. N3c4 Bd5 26. Nd6 Rc2 27. Ba1 e3 28. f3 e2 29. Re1 Be3+ 30. Kh2 Bf2 31. Bc3 Bxe1 32. Bxe1 Rc1 33. Nd3 Rd1 0-1

[Event "FRA-chT Top 12 2019"]
[Site "Brest"]
[Date "2019.05.24"]
[Round "7.1"]
[White "Amin, Bassem"]
[Black "Fedorov, Alexei"]
[Result "1-0"]
[ECO "E71"]
[WhiteElo "2704"]
[BlackElo "2566"]
[Annotator "RC"]
[PlyCount "77"]
[EventDate "2019.05.18"]
[EventType "team-tourn"]
[EventCountry "FRA"]
[SourceTitle "playchess.com"]
[Source "ChessBase"]
[SourceQuality "1"]
[TimeControl "40/5400+30:1800+30"]

1. c4 g6 2. Nc3 Bg7 3. d4 Nf6 4. e4 d6 5. h3 O-O 6. Be3 c5 7. d5 e6 8. Bd3 exd5 9. exd5 Na6 10. Nf3 Nb4 11. Be2 Bf5 12. Rc1 Ne4 13. g4 Nxc3 14. bxc3 Nxa2 15. gxf5 Nxc1 16. Qxc1 Qf6 17. fxg6 Qxc3+ 18. Qxc3 Bxc3+ 19. Kd1 hxg6 20. Kc2 Bg7 21. Rb1 b6 22. h4 Rfe8 23. Bd3 Kf8 24. h5 a5 25. h6 Bf6 26. Kb3 a4+ 27. Ka3 Bc3 28. Rxb6 Reb8 29. Rb5 Bb4+ 30. Ka2 Ke7 31. Bf4 Bc3 32. Ng5 f5 33. Ne6 Rxb5 34. cxb5 a3 35. Nxc5 Bd4 36. Bg5+ Kf7 37. Nb7 Bxf2 38. Nxd6+ Kg8 39. Nc4 1-0

[Event "FRA-chT Top 12 2019"]
[Site "Brest"]
[Date "2019.05.24"]
[Round "7.1"]
[White "Feller, Sebastien"]
[Black "Cornette, Deimante"]
[Result "1/2-1/2"]
[ECO "A06"]
[WhiteElo "2587"]
[BlackElo "2433"]
[Annotator "RC"]
[PlyCount "41"]
[EventDate "2019.05.18"]
[EventType "team-tourn"]
[EventCountry "FRA"]
[SourceTitle "playchess.com"]
[Source "ChessBase"]
[SourceQuality "1"]
[TimeControl "40/5400+30:1800+30"]

1. Nf3 d5 2. g3 g6 3. Bg2 Bg7 4. d4 c6 5. O-O Nf6 6. Nbd2 O-O 7. Re1 Bf5 8. Nh4 Bc8 9. c3 e5 10. dxe5 Ng4 11. e4 Nxe5 12. exd5 Nd3 13. Rf1 cxd5 14. Nb3 Nxc1 15. Rxc1 Bf6 16. Qxd5 Bxh4 17. gxh4 Qxh4 18. Nd4 Nc6 19. Nxc6 bxc6 20. Qxc6 Rb8 21. Qe4 1/2-1/2

[Event "FRA-chT Top 12 2019"]
[Site "Brest"]
[Date "2019.05.24"]
[Round "7.2"]
[White "Cramling, Pia"]
[Black "Postny, Evgeny"]
[Result "1/2-1/2"]
[ECO "A05"]
[WhiteElo "2454"]
[BlackElo "2603"]
[Annotator "RC"]
[PlyCount "212"]
[EventDate "2019.05.18"]
[EventType "team-tourn"]
[EventCountry "FRA"]
[SourceTitle "playchess.com"]
[Source "ChessBase"]
[SourceQuality "1"]
[TimeControl "40/5400+30:1800+30"]

1. Nf3 Nf6 2. c4 e6 3. g3 d5 4. Bg2 d4 5. O-O c5 6. e3 Nc6 7. d3 Bd6 8. exd4 cxd4 9. Bg5 O-O 10. Nbd2 Be7 11. Re1 h6 12. Bxf6 Bxf6 13. a3 a5 14. c5 b6 15. cxb6 Qxb6 16. Nc4 Qa6 17. Rc1 Rb8 18. Qd2 Bd7 19. h4 Rfd8 20. Rc2 a4 21. Qe2 Be8 22. Rec1 Ne7 23. Nfe5 Nd5 24. Ng4 Be7 25. Nce5 Qb5 26. Nc4 Bf8 27. Nd2 Qa6 28. Ne5 Rb5 29. Ndf3 Qb6 30. Nc4 Qa7 31. Nce5 Rdb8 32. Nc4 Nf6 33. Nfe5 Qa6 34. Nf3 Qa7 35. Nfe5 Rc5 36. Nf3 Rd8 37. Nce5 Rxc2 38. Rxc2 Qb6 39. Nd2 Nd5 40. Ndc4 Qa6 41. Nd2 Ne7 42. Ne4 Qb5 43. Nd2 Rc8 44. Rxc8 Nxc8 45. Ndc4 Nb6 46. Qe4 Nxc4 47. Nxc4 Qc5 48. Qe5 Bb5 49. Qxc5 Bxc5 50. Kf1 f6 51. Bf3 Kf7 52. Bd1 Ke7 53. b3 axb3 54. Bxb3 h5 55. f4 Bc6 56. Kf2 Bd5 57. a4 Bb4 58. Ke2 Bc6 59. Nd2 Kd6 60. Ne4+ Ke7 61. Nd2 Ba5 62. Nf3 Bb6 63. Nd2 Bc7 64. Kf2 Ba5 65. Ke2 Bc7 66. Nf3 Bb6 67. Nd2 Bd7 68. Nc4 Bc5 69. Kf2 Kd8 70. Bd1 Be8 71. Bb3 Kc7 72. Nd2 Bd7 73. Bd1 Bb4 74. Nc4 Be8 75. Bf3 g6 76. Bd1 Kc6 77. Bb3 Be7 78. Nd2 Bd7 79. Bc4 Kb6 80. Nb3 Bb4 81. Ke2 e5 82. fxe5 fxe5 83. Kf2 Bxa4 84. Bf7 Bc3 85. Ke2 Bd7 86. Bxg6 Bg4+ 87. Kf2 Kb5 88. Bf7 Kb4 89. Bd5 Ka3 90. Nc5 Bb4 91. Ne6 Kb2 92. Ng5 Kc2 93. Nf7 Bf5 94. Nxe5 Bd6 95. Nf7 Bc7 96. Bf3 Bg6 97. Ng5 Kxd3 98. Ne6 Be5 99. g4 hxg4 100. Bxg4 Kc2 101. Nxd4+ Bxd4+ 102. Kf3 Kd3 103. Kf4 Be8 104. h5 Be3+ 105. Ke5 Bh6 106. Bd1 Ke3 {[%emt 0:00:40] Ke4+} 1/2-1/2

[Event "FRA-chT Top 12 2019"]
[Site "Brest"]
[Date "2019.05.24"]
[Round "7.3"]
[White "Landa, Konstantin"]
[Black "Istratescu, Andrei"]
[Result "1/2-1/2"]
[ECO "E06"]
[WhiteElo "2622"]
[BlackElo "2555"]
[Annotator "RC"]
[PlyCount "33"]
[EventDate "2019.05.18"]
[EventType "team-tourn"]
[EventCountry "FRA"]
[SourceTitle "playchess.com"]
[Source "ChessBase"]
[SourceQuality "1"]
[TimeControl "40/5400+30:1800+30"]

1. d4 Nf6 2. Nf3 e6 3. c4 d5 4. g3 Be7 5. Bg2 O-O 6. Nc3 Nbd7 7. b3 c6 8. O-O b6 9. Bb2 Ba6 10. Nd2 Rc8 11. a4 Bb4 12. e4 c5 13. exd5 Bxc3 14. Bxc3 exd5 15. a5 cxd4 16. Bxd4 bxa5 17. Re1 1/2-1/2

[Event "FRA-chT Top 12 2019"]
[Site "Brest"]
[Date "2019.05.24"]
[Round "7.4"]
[White "Stevic, Hrvoje"]
[Black "Hera, Imre Jr."]
[Result "1-0"]
[ECO "B18"]
[WhiteElo "2580"]
[BlackElo "2611"]
[Annotator "RC"]
[PlyCount "85"]
[EventDate "2019.05.18"]
[EventType "team-tourn"]
[EventCountry "FRA"]
[SourceTitle "playchess.com"]
[Source "ChessBase"]
[SourceQuality "1"]
[TimeControl "40/5400+30:1800+30"]

1. e4 c6 2. d4 d5 3. Nc3 dxe4 4. Nxe4 Bf5 5. Ng3 Bg6 6. Nh3 Nf6 7. Nf4 e5 8. dxe5 Qa5+ 9. c3 Qxe5+ 10. Be2 Nbd7 11. O-O O-O-O 12. Qa4 Bc5 13. Nd3 Bxd3 14. Bxd3 Nb6 15. Qc2 Nbd5 16. Bd2 Nf4 17. Bf5+ Kb8 18. b4 Bb6 19. c4 Bd4 20. Rae1 Qc7 21. b5 g5 22. Ne4 cxb5 23. g3 N4d5 24. Nxf6 Nxf6 25. Bxg5 Qxc4 26. Re7 Rd5 27. Rxf7 Qxc2 28. Bf4+ Ka8 29. Bxc2 a6 30. Rd1 Ng4 31. Kg2 Nxf2 32. Rxd4 Rxd4 33. Kxf2 Rhd8 34. Kf3 R4d7 35. Rxh7 Rxh7 36. Bxh7 Rh8 37. Bf5 Rxh2 38. Be6 a5 39. g4 Rh7 40. g5 Rg7 41. Kg4 b4 42. Kf5 a4 43. Kf6 1-0

[Event "FRA-chT Top 12 2019"]
[Site "Brest"]
[Date "2019.05.24"]
[Round "7.4"]
[White "Bailet, Pierre"]
[Black "Godart, Francois"]
[Result "1/2-1/2"]
[ECO "A06"]
[WhiteElo "2466"]
[BlackElo "2419"]
[Annotator "RC"]
[PlyCount "47"]
[EventDate "2019.05.18"]
[EventType "team-tourn"]
[EventCountry "FRA"]
[SourceTitle "playchess.com"]
[Source "ChessBase"]
[SourceQuality "1"]
[TimeControl "40/5400+30:1800+30"]

1. Nf3 d5 2. g3 Nf6 3. Bg2 g6 4. c4 c6 5. b3 Bg7 6. Bb2 O-O 7. O-O Bg4 8. d3 Nbd7 9. Nbd2 Re8 10. Ne5 Nxe5 11. Bxe5 Qd7 12. Rc1 Qe6 13. d4 Nd7 14. cxd5 cxd5 15. Nf3 Bxf3 16. Bxf3 Nxe5 17. dxe5 Rad8 18. Rc5 Bxe5 19. Rxd5 Rxd5 20. Bxd5 Qb6 21. e3 e6 22. Bc4 Rd8 23. Qf3 Qc7 24. Rd1 1/2-1/2

[Event "FRA-chT Top 12 2019"]
[Site "Brest"]
[Date "2019.05.24"]
[Round "7.5"]
[White "Cornette, Matthieu"]
[Black "Burri, Quentin"]
[Result "1/2-1/2"]
[ECO "A06"]
[WhiteElo "2553"]
[BlackElo "2425"]
[Annotator "RC"]
[PlyCount "93"]
[EventDate "2019.05.18"]
[EventType "team-tourn"]
[EventCountry "FRA"]
[SourceTitle "playchess.com"]
[Source "ChessBase"]
[SourceQuality "1"]
[TimeControl "40/5400+30:1800+30"]

1. Nf3 d5 2. e3 Nf6 3. c4 c6 4. Nc3 e6 5. b3 Nbd7 6. Qc2 Bd6 7. Bb2 O-O 8. Be2 e5 9. cxd5 cxd5 10. Nb5 Bb8 11. Rc1 e4 12. Nfd4 Ne5 13. f4 exf3 14. Nxf3 Nxf3+ 15. Bxf3 Bd7 16. Nc7 Bxc7 17. Qxc7 Rc8 18. Qxb7 Rxc1+ 19. Bxc1 Qc8 20. Qxc8 Rxc8 21. Bb2 Rc2 22. Bxf6 Rc1+ 23. Bd1 Bg4 24. O-O Rxd1 25. Rxd1 Bxd1 26. Bd4 a6 27. Kf2 f6 28. d3 Kf7 29. Ke1 Bg4 30. Kd2 Ke6 31. Kc3 Kd6 32. Ba7 g6 33. Kd4 Be2 34. Bb8+ Kc6 35. g3 f5 36. h4 Bf1 37. a4 Be2 38. b4 Bf1 39. Bf4 Be2 40. Bh6 Bf1 41. Bf8 Be2 42. Be7 Bf1 43. Kc3 Be2 44. Kd2 Bf3 45. Bf6 Bg4 46. Be7 Bf3 47. Kc3 1/2-1/2

[Event "FRA-chT Top 12 2019"]
[Site "Brest"]
[Date "2019.05.24"]
[Round "7.5"]
[White "Apicella, Manuel"]
[Black "Barseghyan, Harutyun"]
[Result "0-1"]
[ECO "C91"]
[WhiteElo "2502"]
[BlackElo "2470"]
[Annotator "RC"]
[PlyCount "104"]
[EventDate "2019.05.18"]
[EventType "team-tourn"]
[EventCountry "FRA"]
[SourceTitle "playchess.com"]
[Source "ChessBase"]
[SourceQuality "1"]
[TimeControl "40/5400+30:1800+30"]

1. e4 e5 2. Nf3 Nc6 3. Bb5 a6 4. Ba4 Nf6 5. O-O Be7 6. Re1 b5 7. Bb3 d6 8. c3 O-O 9. d4 Bg4 10. d5 Na5 11. Bc2 Qc8 12. h3 Bd7 13. Nbd2 c6 14. dxc6 Qxc6 15. Nf1 Rac8 16. a3 Rfe8 17. Ng3 Nc4 18. Rb1 h6 19. Nh4 d5 20. Nhf5 Bxf5 21. Nxf5 dxe4 22. Qe2 Bc5 23. Be3 Rcd8 24. Red1 Rxd1+ 25. Qxd1 Qb6 26. Bxc5 Qxc5 27. Qe2 Rd8 28. Rd1 Rxd1+ 29. Bxd1 g6 30. Nxh6+ Kg7 31. Ng4 Nxg4 32. hxg4 e3 33. fxe3 Nxe3 34. Kh1 e4 35. g3 Nxd1 36. Qxd1 Qf2 37. Qg1 Qd2 38. Qc5 Qd1+ 39. Kh2 Qxg4 40. Qd4+ Kh7 41. Qe3 Qe6 42. Kg2 Qa2 43. Qxe4 Qxb2+ 44. Kh3 Qxc3 45. Qb7 Qf6 46. g4 Kg7 47. Qc7 Qf3+ 48. Kh4 Qxa3 49. Qe5+ Kg8 50. Kg5 Qc1+ 51. Kf6 Qc6+ 52. Ke7 Qe6+ 0-1

[Event "FRA-chT Top 12 2019"]
[Site "Brest"]
[Date "2019.05.24"]
[Round "7.7"]
[White "Koch, Jean-Rene"]
[Black "Ribbegren, Karl Johan"]
[Result "1-0"]
[ECO "B38"]
[WhiteElo "2465"]
[BlackElo "2209"]
[Annotator "RC"]
[PlyCount "57"]
[EventDate "2019.05.18"]
[EventType "team-tourn"]
[EventCountry "FRA"]
[SourceTitle "playchess.com"]
[Source "ChessBase"]
[SourceQuality "1"]
[TimeControl "40/5400+30:1800+30"]

1. c4 c5 2. Nf3 g6 3. e4 Bg7 4. d4 cxd4 5. Nxd4 Nc6 6. Be3 Nh6 7. Be2 d6 8. Qd2 Ng4 9. Bxg4 Bxg4 10. Nc3 Bd7 11. b3 Qa5 12. Rd1 O-O 13. O-O f5 14. exf5 Bxf5 15. Nd5 Qd8 16. Rfe1 Rf7 17. Nxf5 gxf5 18. Nf4 Qc8 19. Nh5 Ne5 20. Bd4 Bh8 21. f4 Ng6 22. Bxh8 Kxh8 23. Qd5 Kg8 24. Re6 Qc6 25. Qd3 Qc5+ 26. Kh1 Qf2 27. Rf1 Qh4 28. Qf3 Raf8 29. h3 1-0

[Event "FRA-chT Top 12 2019"]
[Site "Brest"]
[Date "2019.05.24"]
[Round "7.8"]
[White "Sebag, Marie"]
[Black "Gras, Delphine"]
[Result "*"]
[ECO "B12"]
[WhiteElo "2476"]
[BlackElo "1835"]
[Annotator "RC"]
[PlyCount "83"]
[EventDate "2019.05.18"]
[EventType "team-tourn"]
[EventCountry "FRA"]
[SourceTitle "playchess.com"]
[Source "ChessBase"]
[SourceQuality "1"]
[TimeControl "40/5400+30:1800+30"]

1. e4 c6 2. d4 d5 3. e5 Bf5 4. Nf3 e6 5. Be2 Bb4+ 6. c3 Ba5 7. O-O Nd7 8. Nbd2 Bc7 9. Re1 Ne7 10. Nf1 O-O 11. Ng3 f6 12. exf6 Nxf6 13. Nxf5 Nxf5 14. Bd3 Qd6 15. g3 Rae8 16. Bf4 Qd7 17. Ne5 Qd8 18. Qc2 Nd7 19. Nxd7 Qxd7 20. Bxc7 Qxc7 21. Re5 g6 22. Rae1 Qf7 23. f4 b5 24. Bxf5 exf5 25. Qe2 Rxe5 26. Qxe5 Qd7 27. Qe6+ Rf7 28. Qxd7 Rxd7 29. Re8+ Kf7 30. Rc8 a5 31. Rxc6 b4 32. Ra6 bxc3 33. bxc3 Rc7 34. Rxa5 Rxc3 35. Rxd5 Rc1+ 36. Kf2 Rc2+ 37. Ke3 Rxa2 38. Rd7+ Kg8 39. d5 Rxh2 40. d6 Rg2 41. Rc7 Kf8 42. Rc8+ {[%emt 0:00:47] Rh2} *

[Event "FRA-chT Top 12 2019"]
[Site "Brest"]
[Date "2019.05.24"]
[Round "7.8"]
[White "Steil-Antoni, Fiona"]
[Black "Bolon, Karelle"]
[Result "1-0"]
[ECO "B22"]
[WhiteElo "2156"]
[BlackElo "2018"]
[Annotator "NA RC"]
[PlyCount "100"]
[EventDate "2019.05.18"]
[EventType "team-tourn"]
[EventCountry "FRA"]
[SourceTitle "playchess.com"]
[Source "ChessBase"]
[SourceQuality "1"]
[TimeControl "40/5400+30:1800+30"]

1. e4 c5 2. c3 e6 3. d4 d5 4. exd5 exd5 5. Nf3 Nc6 6. Be3 c4 7. b4 Bd6 8. g3 Nf6 9. Bg2 O-O 10. O-O Bf5 11. Nbd2 Ng4 12. Re1 Re8 13. Nh4 Be6 14. Nf1 Ne7 15. h3 Nf6 16. Qc2 Qd7 17. Kh2 Nf5 18. Nf3 Qc7 19. Ne5 Nd7 20. f4 f6 21. Nxd7 Qxd7 22. Bf2 Bc7 23. Re2 Bf7 24. Rae1 Rxe2 25. Rxe2 b5 26. Bf3 h5 27. Kg2 g6 28. g4 hxg4 29. hxg4 Nh6 30. Ne3 Bxf4 31. Nxd5 Bxd5 32. Qxg6+ Kf8 33. Qxf6+ Qf7 34. Qxf7+ Bxf7 35. Bxa8 Nxg4 36. Re4 Nxf2 37. Rxf4 Nd3 38. Rf6 Ke7 39. Ra6 Nf4+ 40. Kf3 Ne6 41. Rxa7+ Kd6 42. Ke3 Nc7 43. Be4 Be8 44. Rb7 Bd7 45. Rb6+ Ke7 46. Kf4 Ne8 47. Bf5 Bxf5 48. Kxf5 Nc7 49. Rb7 Kd6 50. Rxc7 Kd5 {Ke4+} 1-0

[Event "FRA-chT Top 12 2019"]
[Site "Brest"]
[Date "2019.05.24"]
[Round "7.8"]
[White "Haussernot, Cecile"]
[Black "Skripchenko, Almira"]
[Result "1/2-1/2"]
[ECO "B00"]
[WhiteElo "2097"]
[BlackElo "2406"]
[Annotator "RC"]
[PlyCount "33"]
[EventDate "2019.05.18"]
[EventType "team-tourn"]
[EventCountry "FRA"]
[SourceTitle "playchess.com"]
[Source "ChessBase"]
[SourceQuality "1"]
[TimeControl "40/5400+30:1800+30"]

1. e4 Nc6 2. Nf3 d6 3. h3 Nf6 4. Nc3 g6 5. d4 Bg7 6. Be3 O-O 7. Qd2 e5 8. O-O-O exd4 9. Nxd4 Re8 10. f3 Nxd4 11. Bxd4 a6 12. g4 b5 13. g5 Nh5 14. Bxg7 Kxg7 15. Rg1 Bb7 16. Be2 b4 17. Qd4+ 1/2-1/2

[Event "FRA-chT Top 12 2019"]
[Site "Brest"]
[Date "2019.05.24"]
[Round "7.8"]
[White "Fruteau, Sabine"]
[Black "Mouhamad, Joachin"]
[Result "0-1"]
[ECO "B45"]
[WhiteElo "2015"]
[BlackElo "2332"]
[Annotator "NA RC"]
[PlyCount "68"]
[EventDate "2019.05.18"]
[EventType "team-tourn"]
[EventCountry "FRA"]
[SourceTitle "playchess.com"]
[Source "ChessBase"]
[SourceQuality "1"]
[TimeControl "40/5400+30:1800+30"]

1. e4 c5 2. Nf3 e6 3. d4 cxd4 4. Nxd4 Nc6 5. Nc3 d6 6. Nb3 {[%emt 0:05:53] B54: Sicilian: 2...d6 3 d4 cxd4 4 Nxd4, Unusual Lines} (6. Be3 Nf6 7. f3 Be7 8. Qd2 O-O 9. O-O-O d5 10. Be2 dxe4 11. Nxc6 bxc6 12. Qxd8 Bxd8 13. Nxe4 Nxe4 14. fxe4 Bb6 15. Bxb6 axb6 16. a3 Ba6 17. Bxa6 Rxa6 18. Rd6 {1-0 (78) Saric,I (2689)-Korobov,A (2685) Biograd 2018}) 6... a6 7. a4 Nf6 8. Bd3 Be7 9. O-O O-O 10. Bg5 b6 11. f4 Bb7 $146 ({Predecessor:} 11... Nd7 12. Bxe7 Qxe7 13. f5 Nde5 14. f6 gxf6 15. Qh5 Kh8 {0-1 (30) Rosa,L (1807)-Carneiro,V (2084) Americana 2012}) 12. Qe1 Nd7 13. Bxe7 Qxe7 14. Rd1 Rac8 15. Ne2 Rfd8 16. c3 Na5 17. Nd2 g6 18. b4 Nc6 19. Qf2 a5 20. Rb1 axb4 21. cxb4 d5 22. exd5 Nxb4 $19 {[%emt 0:00:36] Double Attack} 23. Bb5 Nxd5 24. Nc4 Nc5 25. Ne5 Ne4 26. Qd4 Ndc3 27. Qxb6 Nxb1 28. Rxb1 Qb4 29. Rf1 Qc5+ 30. Qxc5 Rxc5 31. Nf3 Nd2 32. Nxd2 Rxd2 33. Rb1 Be4 34. Rb3 Rxb5 0-1